 Dungeon Crawl Stone Soup version 0.23-a0-622-g59b4ea9 (webtiles) character file.

203 Matador8 the Poker (level 5, -6/38 HPs)
             Began as a Merfolk Skald on Dec 23, 2018.
             Killed from afar by an orc wizard (9 damage)
             ... with a puff of frost
             ... on level 4 of the Dungeon.
             The game lasted 00:15:51 (3960 turns).

Matador8 the Poker (Merfolk Skald)                  Turns: 3960, Time: 00:15:52

Health: -6/38      AC:  3    Str: 12    XL:     5   Next: 81%
Magic:  6/8        EV: 12    Int: 13    God:
Gold:   157        SH:  0    Dex: 13    Spells: 2/8 levels left

rFire    . . .     SeeInvis .   m - +0 trident
rCold    . . .     Gourm    .   (no shield)
rNeg     . . .     Faith    .   b - +0 leather armour
rPois    .         Spirit   .   (no helmet)
rElec    .         Reflect  .   (no cloak)
rCorr    .         Harm     .   (no gloves)
MR       .....                  (no boots)
Stlth    +.........             (no amulet)
HPRegen  0.12/turn              (no ring)
MPRegen  0.11/turn              (no ring)

@: no status effects
A: change form in water, swift swim, stealthy swim
a: no special abilities


You were on level 4 of the Dungeon.
You were not hungry.

You visited 1 branch of the dungeon, and saw 4 of its levels.

You collected 157 gold pieces.

Inventory:

Hand Weapons
 a - a +0 spear
 l - a cursed +0 blowgun
 m - a +0 trident (weapon)
Missiles
 i - 13 poisoned needles
Armour
 b - a +0 leather armour (worn)
 f - a +0 ring mail
Scrolls
 e - a scroll of fear {unknown}
 h - 2 scrolls of identify {unknown}
 j - a scroll of blinking {unknown}
 k - a scroll of teleportation {unknown}
 p - 2 scrolls of enchant weapon {unknown}
Potions
 g - 2 potions of lignification
 n - a potion of curing {unknown}
 o - a potion of agility
Comestibles
 c - 3 chunks of flesh
 d - 7 rations


   Skills:
 - Level 2.1 Fighting
 + Level 6.3 Polearms
 - Level 0.6 Armour
 - Level 2.6 Dodging
 - Level 2.0 Spellcasting
 + Level 5.4 Charms


You had 2 spell levels left.
You knew the following spells:

 Your Spells              Type           Power        Failure   Level  Hunger
a - Infusion              Chrm           ###.         3%          1    ##.....
b - Shroud of Golubria    Chrm/Tloc      #.........   16%         2    ###....
c - Spectral Weapon       Hex/Chrm       #.......     32%         3    ####...

Your spell library contained the following spells:

 Spells                   Type           Power        Failure   Level  Hunger
 Song of Slaying          Chrm           ###.....     5%          2    ###....
 Regeneration             Chrm/Necr      #.........   32%         3    ####...


Dungeon Overview and Level Annotations

Branches:
Dungeon (4/15)
 Temple: D:4-7

Altars:
Fedhas
Makhleb


Message History

The orc wizard hits you with a +0 dagger.
The orc wizard barely misses you.
Okay, then.
The orc wizard hits you with a +0 dagger.
* * * LOW HITPOINT WARNING * * *
The orc wizard casts a spell at you. The puff of frost hits you!
* * * LOW HITPOINT WARNING * * *
Casting: Shroud of Golubria (safe; 16% risk of failure)
Confirm with . or Enter, or press ? or * to list all spells.
Space distorts slightly along a thin shroud covering your body.
The orc wizard completely misses you.
The orc wizard looks braver for a moment.
Your shroud begins to fray at the edges.
The orc wizard hits you with a +0 dagger.
* * * LOW HITPOINT WARNING * * *
Your shroud falls apart!
The orc wizard points at you and mumbles some strange words.
The puff of frost hits you!
You die...

#.# ### ###..
#<### #.# #.#
#.# #<#
#############.#
#....oo..o@...#
#.#############
#.# #o# #o#
#######.#
...oo...#
#########


You could see an orc wizard and 2 orcs.

Vanquished Creatures
  A scorpion (D:4)
  An orc wizard (D:3)
  A worker ant (D:4)
  2 adders (D:2)
  4 worms
  2 leopard geckos
  8 orcs
  3 giant cockroaches (D:1)
  7 goblins
  5 hobgoblins
  4 jackals (D:1)
  3 quokkas
  2 ball pythons (D:1)
  6 bats
  3 frilled lizards
  6 kobolds
  10 rats
68 creatures vanquished.

Notes
Turn   | Place    | Note
-------+----------+-------------------------------------------
     0 | D:1      | Matador8 the Merfolk Skald began the quest for the Orb.
     0 | D:1      | Reached XP level 1. HP: 16/16 MP: 3/3
   115 | D:1      | Reached XP level 2. HP: 9/22 MP: 1/5
   119 | D:1      | Learned a level 2 spell: Shroud of Golubria
   525 | D:1      | Reached skill level 4 in Polearms
  1039 | D:1      | Reached XP level 3. HP: 27/27 MP: 6/6
  1603 | D:2      | Found a blossoming altar of Fedhas.
  1865 | D:2      | Reached XP level 4. HP: 11/33 MP: 4/7
  2247 | D:2      | Reached skill level 5 in Polearms
  2258 | D:3      | Found a burning altar of Makhleb.
  2849 | D:3      | Reached XP level 5. HP: 25/38 MP: 5/8
  3395 | D:4      | Noticed an orc warrior
  3454 | D:4      | Reached skill level 5 in Charms
  3501 | D:4      | Reached skill level 6 in Polearms
  3776 | D:4      | Noticed an ogre
  3886 | D:4      | Learned a level 3 spell: Spectral Weapon
  3960 | D:4      | Killed from afar by an orc wizard

Vault maps used:
D:1:      mushboom_english_gardens
D:2:      first_ration, lemuel_statue_altar
D:3:      bloody_makhleb
D:4:      gammafunk_temple_overflow_statue, gammafunk_ghost_split

Skill      XL: |  1  2  3  4  5 |
---------------+----------------+-----
Polearms       | 4 5 6 |  6.3
Charms         | 4 5 |  5.4
Fighting       | |  2.1
Armour         | |  0.6
Dodging        | |  2.6
Spellcasting   | |  2.0

Action                   |  1- 3 |  4- 6 || total
-------------------------+-------+-------++-------
Melee: Spear             |   175 |    46 ||   221
       Trident           |       |   105 ||   105
 Cast: Infusion          |     5 |     1 ||     6
       Shroud of Golubri |    11 |    12 ||    23
  Use: Potion            |       |     2 ||     2
 Stab: Sleeping          |     1 |       ||     1
  Eat: Chunk             |     4 |     5 ||     9
       Ration            |       |     1 ||     1
Armor: Leather armour    |    48 |    18 ||    66
       Skin              |       |     6 ||     6
Dodge: Dodged            |   115 |    63 ||   178

Table legend:
 A = Non-vault XP
 B = Vault XP
 C = Vault XP percentage of total XP
 D = Non-vault monster count
 E = Vault monster count
 F = Vault count percentage of total count
                 A         B        C        D         E       F
            +---------+---------+-------+---------+---------+-------
      Total |     290 |       0 |   0.0 |      68 |       0 |   0.0
            +---------+---------+-------+---------+---------+-------
        D:1 |      41 |       0 |   0.0 |      25 |       0 |   0.0
        D:2 |      65 |       0 |   0.0 |      21 |       0 |   0.0
        D:3 |      74 |       0 |   0.0 |      16 |       0 |   0.0
        D:4 |     110 |       0 |   0.0 |       6 |       0 |   0.0
            +---------+---------+-------+---------+---------+-------
